 Dungeon Crawl Stone Soup version 0.29-a0-477-g62b78b4225 (webtiles) character file.

Game seed: 916606949260901050

1171 dabmancer the Thaumaturge (level 8, -6/36 HPs)
             Began as a Spriggan Hedge Wizard on May 24, 2022.
             Shot with an arrow by a centaur (8 damage)
             ... while paralysed by a centaur
             ... on level 6 of the Dungeon.
             The game lasted 00:24:25 (9542 turns).

dabmancer the Thaumaturge (Spriggan Hedge Wizard)   Turns: 9542, Time: 00:24:26

Health: -6/36      AC:  3    Str:  6    XL:     8   Next: 18%
Magic:  15/22      EV:  4    Int: 18    God:
Gold:   240        SH:  0    Dex: 14    Spells: 16/25 levels left

rFire   . . .      SeeInvis +   e - +1 dagger (holy)
rCold   . . .      Faith    .   (no shield)
rNeg    . . .      Spirit   .   b - +0 robe
rPois   .          Reflect  .   c - +0 hat
rElec   .          Harm     .   H - +0 cloak
rCorr   .          Rampage  .   (gloves unavailable)
Will    +....                   (boots unavailable)
Stlth   ++........              (no amulet)
HPRegen 0.12/turn               m - ring of flight
MPRegen 0.18/turn               (no ring)

@: paralysed, flying, very quick
A: very small, no large weapons, unfitting armour, see invisible, speed 3
a: no special abilities


You were on level 6 of the Dungeon.
You visited 1 branch of the dungeon, and saw 6 of its levels.

You collected 240 gold pieces.

Inventory:

Hand Weapons
 a - a +0 dagger
 e - a +1 dagger of holy wrath (weapon)
 o - a +0 hunting sling
 p - a +2 spectral club
 r - a +0 trident
Missiles
 f - 61 stones
 g - 5 poisoned darts
 D - 2 boomerangs
Armour
 b - a +0 robe (worn)
 c - a +0 hat (worn)
 H - a +0 cloak (worn)
Jewellery
 m - a ring of flight (left hand)
Wands
 B - a wand of polymorph (23)
Scrolls
 h - a scroll of fear {unknown}
 i - 2 scrolls of blinking {unknown}
 k - 5 scrolls of identify
 l - 2 scrolls of teleportation {unknown}
 u - a scroll of torment {unknown}
 w - 2 scrolls of fog {unknown}
 y - 2 scrolls of immolation {unknown}
 z - 2 scrolls of amnesia {unknown}
 C - 2 scrolls of brand weapon {unknown}
 G - a scroll of vulnerability {unknown}
Potions
 d - a potion of magic
 j - a potion of might {unknown}
 n - a potion of mutation {unknown}
 q - 2 potions of lignification
 s - a potion of invisibility {unknown}
 t - a potion of brilliance {unknown}
 v - a potion of curing
 x - a potion of flight {unknown}
 A - a potion of heal wounds {unknown}
 E - a potion of haste
 F - a potion of berserk rage {unknown}


   Skills:
 + Level 3.4 Dodging
 + Level 3.9 Stealth
 + Level 9.4 Spellcasting
 + Level 3.8 Conjurations
 + Level 0.1 Hexes
 + Level 2.3 Summonings
 + Level 2.5 Translocations
 + Level 0.3 Fire Magic


You had 16 spell levels left.
You knew the following spells:

 Your Spells              Type           Power      Damage    Failure   Level
a - Magic Dart            Conj           88%        1d7       1%          1
b - Blink                 Tloc           34%        N/A       4%          2
c - Call Imp              Summ           17%        N/A       4%          2
d - Conjure Flame         Conj/Fire      16%        6-21      11%         3
s - Slow                  Hex            32%        N/A       9%          1

Your spell library contained the following spells:

 Spells                   Type           Power      Damage    Failure   Level
 Mephitic Cloud           Conj/Pois/Air  13%        N/A       16%         3
 Inner Flame              Hex/Fire       9%         N/A       22%         3
 Confusing Touch          Hex            8%         N/A       24%         3
 Cause Fear               Hex            4%         N/A       63%         4
 Yara's Violent Unravell  Hex/Tmut       4%         3d4       92%         5
 Enfeeble                 Hex            4%         N/A       100%        7
 Discord                  Hex            4%         N/A       100%        8


Dungeon Overview and Level Annotations

Branches:
Dungeon (6/15)             Temple (0/1) D:5

Altars:
Zin

Shops:
D:4 [

Annotations:
D:5 exclusion: oklob sapling


Innate Abilities, Weirdness & Mutations

You are very small and have problems with some larger weapons.
You are too small for most types of armour.
You have supernaturally acute eyesight. (SInv)
You cover ground extremely quickly. (Speed+++)


Message History

The kobold brigand is lightly wounded.
The kobold brigand shouts!
The kobold shouts!
The kobold brigand throws a curare-tipped dart.
The curare-tipped dart hits you.
You are poisoned.
You have difficulty breathing.
You feel yourself slow down.
The magic dart hits the kobold brigand.
The kobold brigand is moderately wounded.
You feel very sick.
The kobold brigand throws a curare-tipped dart.
The curare-tipped dart closely misses you.
You feel sick.
Casting: Magic Dart (safe; 1% risk of failure)
Confirm with . or Enter, or press ? or * to list all spells.
You blink.
You feel sick.
The centaur hits you but does no damage.
The centaur barely misses you. The centaur misses you.
The centaur kicks you but does no damage.
You feel sick. The centaur attacks as you move away!
The centaur barely misses you.
The centaur kicks you but does no damage.
You feel sick.
The centaur wields a +0 shortbow.
The centaur shoots an arrow.
The arrow completely misses you.
You feel sick.
The centaur zaps a wand.
You resist with almost no effort.
You feel sick.
You feel stable enough to blink again.
You feel sick.
You are no longer poisoned.
The centaur shoots an arrow.
The arrow closely misses you.
The centaur zaps a wand.
You resist with almost no effort.
The centaur shoots an arrow.
The arrow hits you!
* * * LOW HITPOINT WARNING * * *
The centaur shoots an arrow.
The arrow hits you.
* * * LOW HITPOINT WARNING * * *
The centaur zaps a wand.
You resist with almost no effort.
The centaur zaps a wand.
You suddenly lose the ability to move!
The centaur zaps a wand.
You resist with almost no effort.
You feel yourself speed up.
The centaur shoots an arrow.
The arrow hits you!
You die...

#.# #.#.####
#.# #.#.# #K# #
#c# #.# #.# #K#
#.# #c# #K# #.#
#.#
#K###########.#
#..Kc...@.....#
###############


You could see a centaur and 2 kobolds.

Vanquished Creatures
  Grinder (D:4)
  Menkaure (D:4)
  A water moccasin (D:5)
  An ogre (D:6)
  A necrophage (D:4)
  Blork the orc (D:4)
  A jelly (D:6)
  2 orc priests (D:5)
  2 iguanas
  2 orc wizards (D:5)
  Robin (D:3)
  6 adders
  A white imp (D:6)
  3 worms (D:4)
  3 dart slugs
  9 orcs
  12 endoplasms
  3 giant cockroaches
  6 hobgoblins
  5 quokkas
  7 ball pythons
  A bat (D:1)
  2 frilled lizards
  16 goblins
  11 kobolds
  4 rats
103 creatures vanquished.

Vanquished Creatures (collateral kills)
  Sigmund (D:3)
1 creature vanquished.

Vanquished Creatures (others)
  8 plants
8 creatures vanquished.

Grand Total: 112 creatures vanquished

Notes
Turn   | Place    | Note
-------+----------+-------------------------------------------
     0 | D:1      | dabmancer the Spriggan Hedge Wizard began the quest for the
                  | Orb.
     0 | D:1      | Reached XP level 1. HP: 9/9 MP: 6/6
   146 | D:1      | Upgraded the game from 0.29-a0-474-gdfe5cd140f to
                  | 0.29-a0-477-g62b78b4225
   278 | D:1      | Reached XP level 2. HP: 13/13 MP: 4/8
   547 | D:1      | Found a faded altar of an unknown god.
  1002 | D:1      | Learned a level 2 spell: Blink
  1005 | D:1      | Learned a level 2 spell: Call Imp
  1119 | D:2      | Reached skill level 5 in Spellcasting
  1119 | D:2      | Reached skill level 1 in Conjurations
  1119 | D:2      | Reached XP level 3. HP: 16/16 MP: 1/10
  2054 | D:2      | You fall into a shaft and drop 1 floor!
  2538 | D:3      | Reached XP level 4. HP: 21/21 MP: 4/12
  2647 | D:3      | Noticed Sigmund
  2686 | D:3      | Killed Sigmund
  2687 | D:3      | Reached skill level 6 in Spellcasting
  2687 | D:3      | Reached skill level 1 in Summonings
  2687 | D:3      | Reached XP level 5. HP: 24/24 MP: 6/15
  2951 | D:3      | Noticed Robin
  2975 | D:3      | Killed Robin
  3094 | D:3      | Learned a level 3 spell: Conjure Flame
  3538 | D:3      | Reached XP level 6. HP: 28/28 MP: 14/16
  3894 | D:3      | Learned a level 1 spell: Slow
  4073 | D:4      | Reached skill level 7 in Spellcasting
  4344 | D:4      | Noticed Grinder
  4377 | D:4      | Paralysed by Grinder for 4 turns
  4833 | D:4      | Found Udghugaxa's Armour Emporium.
  5070 | D:4      | Paralysed by Grinder for 5 turns
  5084 | D:4      | Paralysed by Grinder for 5 turns
  5358 | D:4      | Paralysed by Grinder for 2 turns
  5368 | D:4      | Killed Grinder
  5369 | D:4      | Reached XP level 7. HP: 29/32 MP: 1/19
  5689 | D:4      | Noticed Menkaure
  6062 | D:4      | Noticed Blork the orc
  6077 | D:4      | Killed Blork the orc
  6078 | D:4      | Reached skill level 8 in Spellcasting
  6687 | D:5      | Entered Level 5 of the Dungeon
  7419 | D:5      | Noticed an angel
  7421 | D:5      | Found a glowing silver altar of Zin.
  7505 | D:5      | Found a staircase to the Ecumenical Temple.
  9139 | D:4      | Killed Menkaure
  9140 | D:4      | Reached skill level 9 in Spellcasting
  9140 | D:4      | Reached XP level 8. HP: 35/36 MP: 11/22
  9539 | D:6      | Paralysed by a centaur for 4 turns
  9542 | D:6      | Shot with an arrow by a centaur

Illustrated notes

Levels and vault maps discovered:
D:1:      minmay_arrival_four_loops, layout_basic, ebering_ecumenical_altar_box
D:2:      layout_loops_corners, grunt_ministairs_15, minmay_misc_feat_tiny,
          minmay_misc_feat_iff
D:3:      layout_basic, amcnicky_mini_pool_small, uniq_sigmund, uniq_robin
D:4:      layout_gridville, serial_shops, kennysheep_little_box, uniq_grinder,
          uniq_blork_the_orc, uniq_menkaure
D:5:      layout_cave_pools, zin_angel, minmay_temple_entry_oklob
D:6:      layout_loops_ring, serial_shops, nicolae_shop_overgrown_old_shop,
          serial_glass, glass_columns_a, glass_columns_a, glass_columns_c,
          glass_columns_b, glass_columns_b, glass_columns_c, glass_columns_a,
          glass_columns_a, glass_columns_a, glass_columns_c, minmay_hedge_maze

Skill      XL: |  1  2  3  4  5  6  7 |
---------------+----------------------+-----
Dodging        | 3 |  3.4
Spellcasting   | 5 6 7 9 |  9.4
Conjurations   | 1 2 3 |  3.8
Summonings     | 1 2 |  2.3
Translocations | 2 |  2.5
Stealth        | |  3.9
Hexes          | |  0.1
Fire Magic     | |  0.3

Action                   |  1- 3 |  4- 6 |  7- 9 || total
-------------------------+-------+-------+-------++-------
Melee: Dagger            |     6 |     5 |       ||    11
 Cast: Magic Dart        |   106 |   189 |   127 ||   422
       Call Imp          |       |     5 |    15 ||    20
       Blink             |       |     2 |     2 ||     4
       Conjure Flame     |       |     2 |       ||     2
       Slow              |       |     1 |       ||     1
  Use: Scroll            |       |       |     1 ||     1
Armor: Robe              |     1 |       |     3 ||     4
Dodge: Dodged            |    27 |    17 |    16 ||    60

Table legend: (Time is in decaauts)
 A = Elapsed time spent in this place.
 B = Non-inter-level travel time spent in this place.
 C = Inter-level travel time spent in this place.
 D = Time resting spent in this place.
 E = Time spent auto-exploring this place.
 F = Levels seen in this place.
 G = Mean time per level.
                   A        B        C        D        E       F      G
               +--------+--------+--------+--------+--------+-----+--------+
         Total |   7737 |   7516 |    221 |   2026 |   4257 |   6 | 1289.5 |
       Dungeon |   7737 |   7516 |    221 |   2026 |   4257 |   6 | 1289.5 |
               +--------+--------+--------+--------+--------+-----+--------+

Top non-repeatable levels by time:
     D:4: 2892 daAuts
     D:3: 2000 daAuts
     D:2: 1035 daAuts
     D:5: 814 daAuts
     D:1: 783 daAuts
     D:6: 210 daAuts
